| TOP OF THE 1ST |
|
Clemson University Tigers batting - Pitching for Ohio State University Buckeyes : RHP Ray Clark
|
|
Pitching: RHP Ray Clark
|
|
|
Batting: LHB Steve Gates
|
0-0: Called Strike 0-1: Ball 1-1: Ball 2-1: Foul Ball, location: 2F 2-2: Foul Ball, location: 2F 2-2: SINGLE (Groundball, 5D, EV 98.8 MPH)
|
|
Batting: LHB Santiago Carrillo
|
0-0: Called Strike 0-1: Ball 1-1: SINGLE (Flyball, 8LS, EV 90.6 MPH) Steve Gates to second Runner from 2nd tries for 3rd, SAFE, throw by CF made to third
|
|
Batting: RHB Marco Maggs
|
0-0: SINGLE (Line Drive, 56D, EV 93.8 MPH) Steve Gates scores Santiago Carrillo to second
|
|
Batting: RHB Josh LeSage
|
0-0: Ball 1-0: DOUBLE (Flyball, 89XD, EV 113.8 MPH) Santiago Carrillo scores Marco Maggs to third Runner from 3rd tries for Home, SAFE, throw by RF to home
|
|
Batting: LHB Jochen Salt
|
0-0: Ball 1-0: Called Strike 1-1: Ball 2-1: Ball 3-1: Base on Balls
|
|
Batting: RHB Jason Duncan
|
0-0: Ball 1-0: Foul Ball, location: 2F 1-1: Called Strike 1-2: Ball 2-2: Fly out, F8 (Flyball, 8LD, EV 93.8 MPH)
|
|
Batting: LHB David Fiedler
|
0-0: Foul Ball, location: 2F 0-1: Swinging Strike 0-2: Strikes out swinging
|
|
Batting: RHB Danny Gutierrez
|
0-0: Ball 1-0: SINGLE (Line Drive, 89M, EV 98.8 MPH) Josh LeSage to third Jochen Salt to second Runner from 3rd tries for Home, SAFE, throw by RF to home
|
|
Batting: RHB David Rhodes
|
0-0: Fielders Choice at 2nd, 6-4 (Groundball, 6, EV 86.9 MPH)
|
| Top of the 1st over - 4 runs, 5 hits, 0 errors, 2 left on base; Clemson University 4 - Ohio State University 0 |
| BOTTOM OF THE 1ST |
|
Ohio State University Buckeyes batting - Pitching for Clemson University Tigers : RHP Kang-xi Loh
|
|
Pitching: RHP Kang-xi Loh
|
|
|
Batting: LHB Anthony Ross
|
0-0: Foul Ball, location: 2F 0-1: Called Strike 0-2: Ball 1-2: Foul Ball, location: 2F 1-2: Foul Ball, location: 2F 1-2: Foul Ball, location: 2F 1-2: Ball 2-2: Ball 3-2: Ground out 1-3 (Groundball, 13S, EV 71.9 MPH)
|
|
Batting: RHB Jacob Carrano
|
0-0: Called Strike 0-1: Foul Ball, location: 2F 0-2: Strikes out looking
|
|
Batting: LHB Tony Abascal
|
0-0: Swinging Strike 0-1: Ball 1-1: Swinging Strike 1-2: Foul Ball, location: 2F 1-2: Strikes out swinging
|
| Bottom of the 1st over - 0 runs, 0 hits, 0 errors, 0 left on base; Clemson University 4 - Ohio State University 0 |
| TOP OF THE 2ND |
|
Clemson University Tigers batting - Pitching for Ohio State University Buckeyes : RHP Ray Clark
|
|
Batting: LHB Steve Gates
|
0-0: Ball 1-0: Ball 2-0: Ball 3-0: Called Strike 3-1: Called Strike 3-2: Ground out 5-3 (Groundball, 56, EV 85.0 MPH)
|
|
Batting: LHB Santiago Carrillo
|
0-0: Swinging Strike 0-1: Ball 1-1: Ball 2-1: Foul Ball, location: 2F 2-2: Ball 3-2: Foul Ball, location: 2F 3-2: Foul Ball, location: 2F 3-2: Strikes out swinging
|
|
Batting: RHB Marco Maggs
|
0-0: Ball 1-0: Ball 2-0: Fly out, F7 (Flyball, 78M, EV 87.5 MPH)
|
| Top of the 2nd over - 0 runs, 0 hits, 0 errors, 0 left on base; Clemson University 4 - Ohio State University 0 |
| BOTTOM OF THE 2ND |
|
Ohio State University Buckeyes batting - Pitching for Clemson University Tigers : RHP Kang-xi Loh
|
|
Batting: RHB Tristan Gimple
|
0-0: Called Strike 0-1: Ball 1-1: Ground out 4-3 (Groundball, 4S, EV 93.8 MPH)
|
|
Batting: LHB Zach Brandt
|
0-0: Called Strike 0-1: Fly out, F7 (Flyball, 7D, EV 90.0 MPH)
|
|
Batting: RHB Marcelo Bardelli
|
0-0: Ball 1-0: Ball 2-0: Called Strike 2-1: Ball 3-1: Base on Balls
|
|
Batting: LHB Adam Simpson
|
0-0: Foul Ball, location: 2F 0-1: Ground out 4-3 (Groundball, 34, EV 82.5 MPH)
|
| Bottom of the 2nd over - 0 runs, 0 hits, 0 errors, 1 left on base; Clemson University 4 - Ohio State University 0 |
| TOP OF THE 3RD |
|
Clemson University Tigers batting - Pitching for Ohio State University Buckeyes : RHP Ray Clark
|
|
Batting: RHB Josh LeSage
|
0-0: Foul Ball, location: 2F 0-1: Ground out 1-3 (Groundball, 13, EV 70.0 MPH)
|
|
Batting: LHB Jochen Salt
|
0-0: Fly out, F9 (Flyball, 9D, EV 85.0 MPH)
|
|
Batting: RHB Jason Duncan
|
0-0: Foul Ball, location: 2F 0-1: Swinging Strike 0-2: Ball 1-2: Foul Ball, location: 2F 1-2: Foul Ball, location: 2F 1-2: Ball 2-2: Strikes out swinging
|
| Top of the 3rd over - 0 runs, 0 hits, 0 errors, 0 left on base; Clemson University 4 - Ohio State University 0 |
| BOTTOM OF THE 3RD |
|
Ohio State University Buckeyes batting - Pitching for Clemson University Tigers : RHP Kang-xi Loh
|
|
Batting: LHB Ben Callaway
|
0-0: SINGLE (Line Drive, 3D, EV 107.5 MPH)
|
|
Pitching: RHP David Padron
|
|
|
Batting: LHB John King
|
0-0: Ball 1-0: Ball 2-0: Ball 3-0: Called Strike 3-1: Base on Balls Ben Callaway to second
|
|
Batting: LHB Anthony Ross
|
0-0: Swinging Strike 0-1: Ball 1-1: Foul Ball, location: 2F 1-2: Ball 2-2: Ball 3-2: Base on Balls Ben Callaway to third John King to second
|
|
Batting: RHB Jacob Carrano
|
0-0: Swinging Strike 0-1: Swinging Strike 0-2: Fielders Choice at 2nd, 6-4 (Groundball, 56, EV 83.8 MPH) Ben Callaway scores John King to third
|
|
Batting: LHB Tony Abascal
|
0-0: Ball Jacob Carrano steals 2nd base 1-0: Ball 2-0: Foul Ball, location: 2F 2-1: Swinging Strike 2-2: Foul Ball, location: 2F 2-2: Fly out, F8 (Line Drive, 8LM, EV 86.2 MPH) Runner from 3rd tags up, SCORES, throw by CF Jacob Carrano to third
|
|
Batting: RHB Tristan Gimple
|
0-0: Ball 1-0: Foul Ball, location: 2F 1-1: DOUBLE (Line Drive, 9LS, EV 95.0 MPH) Jacob Carrano scores
|
|
Batting: LHB Zach Brandt
|
0-0: Foul Ball, location: 2F 0-1: Ball 1-1: Foul Ball, location: 2F 1-2: Strikes out swinging
|
| Bottom of the 3rd over - 3 runs, 2 hits, 0 errors, 1 left on base; Clemson University 4 - Ohio State University 3 |
| TOP OF THE 4TH |
|
Clemson University Tigers batting - Pitching for Ohio State University Buckeyes : RHP Ray Clark
|
|
Batting: LHB David Fiedler
|
0-0: Ground out 5-3 (Groundball, 5L, EV 98.8 MPH)
|
|
Batting: RHB Danny Gutierrez
|
0-0: Ball 1-0: Fly out, F8 (Flyball, 8LM, EV 82.5 MPH)
|
|
Batting: RHB David Rhodes
|
0-0: Ball 1-0: Foul Ball, location: 2F 1-1: Swinging Strike 1-2: Foul Ball, location: 2F 1-2: Foul Ball, location: 2F 1-2: Ball 2-2: Ball 3-2: Base on Balls
|
|
Batting: LHB Steve Gates
|
0-0: Called Strike 0-1: DOUBLE (Line Drive, 89M, EV 90.0 MPH) David Rhodes to third
|
|
Batting: LHB Santiago Carrillo
|
0-0: Ball 1-0: Foul Ball, location: 2F 1-1: Called Strike 1-2: Fly out, F9 (Flyball, 9, EV 92.5 MPH)
|
| Top of the 4th over - 0 runs, 1 hit, 0 errors, 2 left on base; Clemson University 4 - Ohio State University 3 |
| BOTTOM OF THE 4TH |
|
Ohio State University Buckeyes batting - Pitching for Clemson University Tigers : RHP David Padron
|
|
Batting: RHB Marcelo Bardelli
|
0-0: Ball 1-0: SINGLE (Line Drive, 56, EV 105.0 MPH)
|
|
Batting: LHB Adam Simpson
|
0-0: DOUBLE (Line Drive, 78D, EV 101.2 MPH) Marcelo Bardelli to third
|
|
Batting: LHB Ben Callaway
|
0-0: Swinging Strike 0-1: Ball 1-1: Called Strike 1-2: Foul Ball, location: 2F 1-2: Strikes out swinging
|
|
Batting: LHB John King
|
0-0: Ball 1-0: Ball 2-0: SINGLE (Groundball, 6MD, EV 98.1 MPH) Marcelo Bardelli scores Adam Simpson to third Runner from 3rd tries for Home, SAFE, throw by CF to home
|
|
Pitching: RHP Dustin DeMent
|
|
|
Batting: LHB Anthony Ross
|
0-0: Ball John King is caught stealing 2nd base 2-6 1-0: Foul Ball, location: 2F 1-1: Ball 2-1: Fly out, F9 (Line Drive, 9, EV 91.9 MPH)
|
| Bottom of the 4th over - 2 runs, 3 hits, 0 errors, 0 left on base; Clemson University 4 - Ohio State University 5 |
| TOP OF THE 5TH |
|
Clemson University Tigers batting - Pitching for Ohio State University Buckeyes : RHP Ray Clark
|
|
Batting: RHB Marco Maggs
|
0-0: DOUBLE (Flyball, 8RXD, EV 103.8 MPH)
|
|
Batting: RHB Josh LeSage
|
0-0: Foul Ball, location: 2F 0-1: Ball 1-1: Ball 2-1: Foul Ball, location: 2F 2-2: Ground out 5-3 (Groundball, 56, EV 88.8 MPH)
|
|
Now at 3B: Mike Tarantino
|
|
|
Batting: LHB Jochen Salt
|
0-0: Fly out, F8 (Flyball, 8RM, EV 90.6 MPH)
|
|
Batting: RHB Jason Duncan
|
0-0: Ball Wild Pitch! Marco Maggs to third 1-0: Ball 2-0: Fly out, F9 (Flyball, 9S, EV 94.4 MPH)
|
| Top of the 5th over - 0 runs, 1 hit, 0 errors, 1 left on base; Clemson University 4 - Ohio State University 5 |
| BOTTOM OF THE 5TH |
|
Ohio State University Buckeyes batting - Pitching for Clemson University Tigers : RHP Dustin DeMent
|
|
Batting: RHB Jacob Carrano
|
0-0: Called Strike 0-1: Ground out 4-3 (Groundball, 4, EV 80.0 MPH)
|
|
Batting: LHB Tony Abascal
|
0-0: Called Strike 0-1: Foul Ball, location: 2F 0-2: Fly out, F9 (Flyball, 89D, EV 75.6 MPH)
|
|
Batting: RHB Tristan Gimple
|
0-0: Ball 1-0: Ball 2-0: Ball 3-0: Base on Balls
|
|
Batting: LHB Zach Brandt
|
0-0: Ball 1-0: Foul Ball, location: 2F 1-1: Foul Ball, location: 2F 1-2: Fly out, F8 (Flyball, 89XD, EV 78.8 MPH)
|
| Bottom of the 5th over - 0 runs, 0 hits, 0 errors, 1 left on base; Clemson University 4 - Ohio State University 5 |
| TOP OF THE 6TH |
|
Clemson University Tigers batting - Pitching for Ohio State University Buckeyes : RHP Ray Clark
|
|
Pitching: RHP Rodolfo Lrio
|
|
|
Batting: LHB David Fiedler
|
0-0: Called Strike 0-1: Swinging Strike 0-2: Ball 1-2: Foul Ball, location: 2F 1-2: SINGLE (Line Drive, 5D, EV 101.2 MPH)
|
|
Batting: RHB Danny Gutierrez
|
0-0: Ball 1-0: Ball Passed Ball! David Fiedler to second 2-0: Fly out, F8 (Flyball, 8RD, EV 107.5 MPH)
|
|
Batting: RHB David Rhodes
|
0-0: Called Strike 0-1: Swinging Strike 0-2: Strikes out swinging
|
|
Batting: LHB Steve Gates
|
0-0: Called Strike 0-1: Foul Ball, location: 2F 0-2: Fly out, F6 (Line Drive, 6, EV 63.8 MPH)
|
| Top of the 6th over - 0 runs, 1 hit, 0 errors, 1 left on base; Clemson University 4 - Ohio State University 5 |
| BOTTOM OF THE 6TH |
|
Ohio State University Buckeyes batting - Pitching for Clemson University Tigers : RHP Dustin DeMent
|
|
Batting: RHB Marcelo Bardelli
|
0-0: Called Strike 0-1: SINGLE (Line Drive, 3D, EV 99.4 MPH)
|
|
Batting: LHB Adam Simpson
|
0-0: Called Strike Marcelo Bardelli steals 2nd base 0-1: Sac Bunt to 23 - play at first, batter OUT! 3-4 Marcelo Bardelli to third
|
|
Batting: LHB Ben Callaway
|
0-0: Ball 1-0: Foul Ball, location: 2F 1-1: Ball 2-1: Ball 3-1: Swinging Strike 3-2: Strikes out swinging
|
|
Batting: LHB John King
|
0-0: Ball 1-0: Ball 2-0: Foul Ball, location: 2F 2-1: Foul Ball, location: 2F 2-2: Hit by Pitch
|
|
Pitching: RHP John Sweet
|
|
|
Batting: RHB Mike Tarantino
|
0-0: Swinging Strike 0-1: Ball 1-1: SINGLE (Groundball, 56, EV 81.9 MPH) (infield hit) Marcelo Bardelli scores John King to second
|
|
Batting: RHB Jacob Carrano
|
0-0: Ball 1-0: Called Strike 1-1: Swinging Strike 1-2: Strikes out swinging
|
| Bottom of the 6th over - 1 run, 2 hits, 0 errors, 2 left on base; Clemson University 4 - Ohio State University 6 |
| TOP OF THE 7TH |
|
Clemson University Tigers batting - Pitching for Ohio State University Buckeyes : RHP Rodolfo Lrio
|
|
Pitching: LHP Adrien Leroy
|
|
|
Batting: LHB Santiago Carrillo
|
0-0: Ball 1-0: Ball 2-0: Swinging Strike 2-1: Ball 3-1: Foul Ball, location: 2F 3-2: Base on Balls
|
|
Batting: RHB Marco Maggs
|
0-0: Called Strike 0-1: Ball 1-1: Fly out, F4 (Popup, 4, EV 53.8 MPH)
|
|
Batting: RHB Josh LeSage
|
0-0: Ball 1-0: DOUBLE (Line Drive, 7LM, EV 106.9 MPH) Santiago Carrillo to third
|
|
Batting: LHB Jochen Salt
|
0-0: Ball 1-0: Fly out, F7 (Flyball, 7, EV 83.1 MPH) Runner from 3rd tags up, SCORES, throw by LF
|
|
Batting: RHB Jason Duncan
|
0-0: Ball 1-0: Swinging Strike 1-1: Ball 2-1: Ball 3-1: Base on Balls
|
|
Batting: LHB David Fiedler
|
0-0: Called Strike 0-1: Ball 1-1: Swinging Strike 1-2: Ball 2-2: Ball 3-2: Foul Ball, location: 2F 3-2: Base on Balls Josh LeSage to third Jason Duncan to second
|
|
Batting: RHB Danny Gutierrez
|
0-0: Ball 1-0: Called Strike 1-1: Foul Ball, location: 2F 1-2: Foul Ball, location: 2F 1-2: Fielders Choice at 2nd, 6-4 (Groundball, 6, EV 83.1 MPH)
|
| Top of the 7th over - 1 run, 1 hit, 0 errors, 3 left on base; Clemson University 5 - Ohio State University 6 |
| BOTTOM OF THE 7TH |
|
Ohio State University Buckeyes batting - Pitching for Clemson University Tigers : RHP John Sweet
|
|
Pitching: LHP Brian Anderson
|
|
|
Batting: LHB Tony Abascal
|
0-0: Called Strike 0-1: Ball 1-1: Ground out U3 (Groundball, 3, EV 110.0 MPH)
|
|
Pitching: RHP Trevor Doyle
|
|
|
Batting: RHB Tristan Gimple
|
0-0: Called Strike 0-1: Foul Ball, location: 2F 0-2: Ball 1-2: Ball 2-2: Ball 3-2: Base on Balls
|
|
Batting: LHB Zach Brandt
|
0-0: Ball 1-0: Fly out, F7 (Flyball, 7S, EV 91.9 MPH)
|
|
Batting: RHB Marcelo Bardelli
|
0-0: Ball 1-0: Swinging Strike 1-1: Fly out, F7 (Line Drive, 7, EV 100.6 MPH)
|
| Bottom of the 7th over - 0 runs, 0 hits, 0 errors, 1 left on base; Clemson University 5 - Ohio State University 6 |
| TOP OF THE 8TH |
|
Clemson University Tigers batting - Pitching for Ohio State University Buckeyes : LHP Adrien Leroy
|
|
Pitching: RHP Bob Rowsell
|
|
|
Batting: RHB David Rhodes
|
0-0: Called Strike 0-1: Foul Ball, location: 2F 0-2: Hit by Pitch
|
|
Batting: LHB Steve Gates
|
0-0: Ball 1-0: Ball 2-0: Ground out U3 (Groundball, 3, EV 82.5 MPH) David Rhodes to second
|
|
Batting: LHB Santiago Carrillo
|
0-0: Ball 1-0: Swinging Strike 1-1: Ball 2-1: Ball 3-1: Foul Ball, location: 2F 3-2: Base on Balls
|
|
Batting: RHB Marco Maggs
|
0-0: Swinging Strike 0-1: Called Strike 0-2: Ball 1-2: Grounds into double play, 6-4-3 (Groundball, 6S, EV 83.1 MPH)
|
| Top of the 8th over - 0 runs, 0 hits, 0 errors, 1 left on base; Clemson University 5 - Ohio State University 6 |
| BOTTOM OF THE 8TH |
|
Ohio State University Buckeyes batting - Pitching for Clemson University Tigers : RHP Trevor Doyle
|
|
Batting: LHB Adam Simpson
|
0-0: Called Strike 0-1: Ball 1-1: Foul Ball, location: 2F 1-2: Foul Ball, location: 2F 1-2: Ball 2-2: Strikes out swinging
|
|
Batting: LHB Ben Callaway
|
0-0: Called Strike 0-1: Ball 1-1: Ball 2-1: Ball 3-1: Called Strike 3-2: SINGLE (Groundball, 6M, EV 95.6 MPH)
|
|
Batting: LHB John King
|
0-0: Ball 1-0: Foul Ball, location: 2F 1-1: Ball 2-1: Fly out, F8 (Flyball, 89D, EV 105.0 MPH)
|
|
Batting: RHB Mike Tarantino
|
0-0: Swinging Strike 0-1: Swinging Strike 0-2: Ball 1-2: Strikes out looking
|
| Bottom of the 8th over - 0 runs, 1 hit, 0 errors, 1 left on base; Clemson University 5 - Ohio State University 6 |
| TOP OF THE 9TH |
|
Clemson University Tigers batting - Pitching for Ohio State University Buckeyes : RHP Bob Rowsell
|
|
Pitching: RHP Eric Long
|
|
|
Batting: RHB Josh LeSage
|
0-0: Called Strike 0-1: Ball 1-1: Swinging Strike 1-2: Strikes out looking
|
|
Batting: LHB Jochen Salt
|
0-0: Called Strike 0-1: Ball 1-1: Ball 2-1: Ball 3-1: Base on Balls
|
|
Pinch Hitting: LHB George Jedinak
|
0-0: Called Strike 0-1: Swinging Strike 0-2: Ball 1-2: Ball 2-2: Grounds into double play, 4-6-3 (Groundball, 4D, EV 102.5 MPH)
|
| Top of the 9th over - 0 runs, 0 hits, 0 errors, 0 left on base; Clemson University 5 - Ohio State University 6 |
|